 Dungeon Crawl Stone Soup version 0.25-a0-561-g0977b4d109 (webtiles) character file.

Game seed: 5363941254288601792, levelgen mode: deterministic

1891 Defined the Covered (level 9, -5/65 HPs)
             Began as a Gnoll Wanderer on Feb 25, 2020.
             Was a Priest of Hepliaklqana.
             Slain by a ten-headed hydra (12 damage)
             ... on level 7 of the Dungeon.
             The game lasted 00:19:51 (5515 turns).

Defined the Covered (Gnoll Wanderer)                Turns: 5515, Time: 00:19:52

Health: -5/65      AC: 11    Str: 24    XL:     9   Next: 15%
Magic:  14/14      EV: 14    Int: 16    God:    Hepliaklqana [***...]
Gold:   290        SH:  0    Dex: 13    Spells: 15/15 levels left

rFire    + . .     SeeInvis .   t - +2 battleaxe (vorpal)
rCold    x . .     Gourm    .   (shield currently unavailable)
rNeg     . . .     Faith    .   E - +5 robe "Leceffed" {rElec Int+3}
rPois    +         Spirit   .   J - +0 helmet
rElec    +         Reflect  .   y - +0 cloak
rCorr    .         Harm     +   a - +0 pair of gloves
MR       .....                  (no boots)
Stlth    +++.......             D - amulet of Recklessness {Harm *Drain rElec Str+5 Int-2}
HPRegen  0.20/turn              l - ring of poison resistance
MPRegen  0.14/turn              C - ring of fire

@: no status effects
A: distributed training, reduced essence, fangs 1, strong nose
a: Recall Ancestor, Ancestor Identity, Transference, Renounce Religion


You were on level 7 of the Dungeon.
You worshipped Hepliaklqana.
Hepliaklqana was most pleased with you.
You were not hungry.

You visited 1 branch of the dungeon, and saw 7 of its levels.

You collected 290 gold pieces.

Inventory:

Hand Weapons
 e - a +0 long sword of holy wrath
 t - a +2 vorpal battleaxe (weapon)
 A - a +4 rapier of flaming
Missiles
 d - 73 arrows
 f - 94 bolts
 v - 7 boomerangs (quivered)
Armour
 a - a +0 pair of gloves (worn)
 p - a +0 buckler
 y - a +0 cloak (worn)
 B - a +0 leather armour of poison resistance
 E - the +5 robe "Leceffed" (worn) {rElec Int+3}
   (You found it on level 7 of the Dungeon)

   It affects your intelligence (+3).
   It insulates you from electricity.
   If you remove this armour, your AC will decrease by 7 (11 -> 4).
 J - a +0 helmet (worn)
Jewellery
 l - a ring of poison resistance (left hand)
 C - a ring of fire (right hand)
 D - the amulet of Recklessness (around neck) {Harm *Drain rElec Str+5 Int-2}
   (You found it on level 6 of the Dungeon)

   [amulet of harm]

   It increases damage dealt and taken.
   It affects your strength (+5).
   It affects your intelligence (-2).
   It insulates you from electricity.
   It causes draining when unequipped.
 F - an uncursed ring of ice
Wands
 I - a wand of iceblast (16)
Scrolls
 b - a scroll of fear
 g - a scroll of enchant weapon {unknown}
 i - a scroll of immolation {unknown}
 j - 5 scrolls of teleportation {unknown}
 n - 6 scrolls of identify {unknown}
 q - a scroll of fog {unknown}
 w - a scroll of amnesia {unknown}
 z - 6 scrolls of remove curse {unknown}
 G - a scroll of blinking {unknown}
 H - a scroll of summoning {unknown}
 K - a scroll of random uselessness {unknown}
Potions
 c - 2 potions of ambrosia {unknown}
 k - 3 potions of haste {unknown}
 m - a potion of degeneration {unknown}
 o - a potion of flight {unknown}
 r - 4 potions of curing {unknown}
 s - 3 potions of might {unknown}
 u - a potion of heal wounds {unknown}
 x - 2 potions of mutation {unknown}
Comestibles
 h - 12 rations


   Skills:
 + Level 7.7 Fighting
 + Level 3.9 Short Blades
 + Level 3.9 Long Blades
 + Level 3.9 Axes
 + Level 3.9 Maces & Flails
 + Level 3.9 Polearms
 + Level 3.9 Staves
 + Level 3.9 Slings
 + Level 3.9 Bows
 + Level 6.1 Crossbows
 + Level 3.9 Throwing
 + Level 7.7 Armour
 + Level 3.9 Dodging
 + Level 4.6 Stealth
 + Level 3.9 Shields
 + Level 3.9 Unarmed Combat
 + Level 3.9 Spellcasting
 + Level 3.2 Conjurations
 + Level 3.2 Hexes
 + Level 3.2 Charms
 + Level 3.2 Summonings
 + Level 3.2 Necromancy
 + Level 3.2 Translocations
 + Level 3.2 Transmutations
 + Level 3.2 Fire Magic
 + Level 3.2 Ice Magic
 + Level 3.2 Air Magic
 + Level 3.2 Earth Magic
 + Level 3.2 Poison Magic
 + Level 4.2 Invocations
 + Level 4.7 Evocations


You had 15 spell levels left.
You didn't know any spells.
Your spell library was empty.

Dungeon Overview and Level Annotations

Branches:
Dungeon (7/15)             Temple (0/1) D:6

Altars:
Cheibriados
Dithmenos
Fedhas
Gozag
Hepliaklqana
Wu Jian


Innate Abilities, Weirdness & Mutations

Your experience applies equally to all skills.
You have very sharp teeth.
Your uncanny sense of smell can sniff out nearby items.
Your life essence is reduced to manifest your ancestor. (-10% HP)


Message History

You chop one of the nine-headed hydra's heads off!
The eight-headed hydra grows two more!
You slice the ten-headed hydra!!
The ten-headed hydra is heavily wounded.
Xolani hits the ten-headed hydra with a +0 quarterstaff!
The ten-headed hydra bites Xolani. x2; The ten-headed hydra bites Xolani!
The ten-headed hydra bites Xolani.
Xolani is destroyed!
The ten-headed hydra misses you. The ten-headed hydra barely misses you.
The ten-headed hydra bites you but does no damage.
The ten-headed hydra bites you! The ten-headed hydra barely misses you.
The ten-headed hydra bites you but does no damage.
Evoke which item? (* to show all) (? for menu, Esc to quit)
Okay, then.
The ten-headed hydra misses you. The ten-headed hydra bites you!
* * * LOW HITPOINT WARNING * * *
The ten-headed hydra barely misses you. The ten-headed hydra bites you.
* * * LOW HITPOINT WARNING * * *
The ten-headed hydra bites you but does no damage.
The ten-headed hydra bites you!
You die...

##. ##..# #. #..# #...#
##..# #..#########...#
##...#
#..............###...###
#.....[..####..........##
##.........####..#........
#............##..###......
##............#..# <......
#.........@D....# .......
#.............#.##.......
#.............#.#.......>
#............##.#........
#............##.#........
##..........###..........
#..........# #..........
##.........# #..........
#........## ##.........


You could see a ten-headed hydra.

Vanquished Creatures
  2 necrophages
  Blork the orc (D:4)
  2 bullfrogs (D:6)
  A crimson imp (D:5)
  A bullfrog skeleton (D:6)
  A hound (D:4)
  A centaur skeleton (D:4)
  A centaur zombie (D:6)
  2 orc priests
  Crazy Yiuf (D:4)
  A jelly (D:7)
  4 orc wizards
  2 hound skeletons (D:3)
  3 gnolls (D:4)
  8 adders
  A shadow imp (D:5)
  An ooze (D:1)
  An adder skeleton (D:5)
  A dart slug (D:1)
  7 leopard geckos
  15 orcs
  5 giant cockroaches
  5 goblins
  8 hobgoblins
  15 jackals
  6 kobolds
  A quokka (D:6)
  3 ball pythons
  5 bats
  4 frilled lizards
  A quokka skeleton (D:4)
  A quokka zombie (D:5)
  10 rats
121 creatures vanquished.

Vanquished Creatures (collateral kills)
  Eustachio (D:4)
  A sky beast (D:6)
  An ice beast (D:6)
  An ogre (D:4)
  A bullfrog (D:6)
  2 centaur zombies
  A bullfrog zombie (D:5)
  An orc priest (D:5)
  4 orc wizards (D:4)
  An iguana (D:6)
  5 worker ants
  An adder (D:6)
  2 leopard geckos
  5 orcs
  7 jackals
34 creatures vanquished.

Vanquished Creatures (others)
  A battlemage (D:7)
  An ancestor (D:4)
2 creatures vanquished.

Grand Total: 157 creatures vanquished

Notes
Turn   | Place    | Note
-------+----------+-------------------------------------------
     0 | D:1      | Defined the Gnoll Wanderer began the quest for the Orb.
     0 | D:1      | Defined set off with the following items: a +2 dagger, a
                  | scroll of fear, a +0 shortbow, 25 arrows, a +0 hand
                  | crossbow, 23 bolts, a +0 robe, a ration
     0 | D:1      | Reached XP level 1. HP: 23/23 MP: 2/2
   174 | D:1      | Reached XP level 2. HP: 20/29 MP: 3/3
   658 | D:1      | Reached XP level 3. HP: 35/35 MP: 4/4
  1195 | D:2      | Reached skill level 1 in Invocations
  1334 | D:2      | Reached skill level 1 in Short Blades
  1334 | D:2      | Reached skill level 1 in Long Blades
  1334 | D:2      | Reached skill level 1 in Axes
  1334 | D:2      | Reached skill level 1 in Maces & Flails
  1334 | D:2      | Reached skill level 1 in Polearms
  1334 | D:2      | Reached skill level 1 in Staves
  1334 | D:2      | Reached skill level 1 in Slings
  1334 | D:2      | Reached skill level 1 in Bows
  1334 | D:2      | Reached skill level 1 in Throwing
  1334 | D:2      | Reached skill level 1 in Dodging
  1334 | D:2      | Reached skill level 1 in Shields
  1334 | D:2      | Reached skill level 1 in Unarmed Combat
  1334 | D:2      | Reached skill level 1 in Spellcasting
  1419 | D:2      | Reached XP level 4. HP: 39/41 MP: 6/6
  1703 | D:3      | Noticed a necrophage
  1716 | D:3      | Killed a necrophage
  1716 | D:3      | Reached skill level 1 in Conjurations
  1716 | D:3      | Reached skill level 1 in Hexes
  1716 | D:3      | Reached skill level 1 in Charms
  1716 | D:3      | Reached skill level 1 in Summonings
  1716 | D:3      | Reached skill level 1 in Necromancy
  1716 | D:3      | Reached skill level 1 in Translocations
  1716 | D:3      | Reached skill level 1 in Transmutations
  1716 | D:3      | Reached skill level 1 in Fire Magic
  1716 | D:3      | Reached skill level 1 in Ice Magic
  1716 | D:3      | Reached skill level 1 in Air Magic
  1716 | D:3      | Reached skill level 1 in Earth Magic
  1716 | D:3      | Reached skill level 1 in Poison Magic
  1716 | D:3      | Reached XP level 5. HP: 47/47 MP: 7/7
  2106 | D:3      | Reached XP level 6. HP: 46/53 MP: 8/8
  2136 | D:3      | Found a faded altar of an unknown god.
  2168 | D:3      | Became a worshipper of Hepliaklqana the Forgotten
  2168 | D:3      | Reached * piety under Hepliaklqana
  2592 | D:4      | Noticed Eustachio
  2823 | D:4      | Reached skill level 5 in Crossbows
  2936 | D:4      | Reached XP level 7. HP: 47/53 MP: 10/10
  3291 | D:4      | HP: 1/53 [ogre/+0 giant club (17)]
  3657 | D:4      | Found a runed translucent door.
  3658 | D:4      | Noticed Crazy Yiuf
  3791 | D:4      | Noticed Blork the orc
  3820 | D:4      | Killed Blork the orc
  4014 | D:4      | Killed Eustachio
  4014 | D:4      | Reached XP level 8. HP: 35/60 MP: 10/12
  4173 | D:4      | Killed Crazy Yiuf
  4219 | D:5      | Entered Level 5 of the Dungeon
  4232 | D:5      | Reached ** piety under Hepliaklqana
  4233 | D:5      | Remembered your ancestor Xolani as a battlemage
  4271 | D:5      | Found an opulent altar of Gozag.
  4401 | D:5      | Found a shadowy altar of Dithmenos.
  4418 | D:5      | Found an ornate altar of the Wu Jian Council.
  4418 | D:5      | Found a snail-covered altar of Cheibriados.
  4418 | D:5      | Found a hazy altar of Hepliaklqana.
  4418 | D:5      | Found a blossoming altar of Fedhas.
  4794 | D:6      | Got a faintly glowing zirconium amulet
  4797 | D:6      | Identified the amulet of Recklessness {Harm *Drain rElec
                  | Str+5 Int-2} (You found it on level 6 of the Dungeon)
  5068 | D:6      | Reached XP level 9. HP: 61/64 MP: 14/14
  5303 | D:6      | Found a staircase to the Ecumenical Temple.
  5325 | D:7      | Found a snail-covered altar of Cheibriados.
  5446 | D:7      | Reached *** piety under Hepliaklqana
  5452 | D:7      | Got a wizard robe
  5463 | D:7      | Identified the +5 robe "Leceffed" {rElec Int+3} (You found
                  | it on level 7 of the Dungeon)
  5501 | D:7      | Noticed an eight-headed hydra
  5515 | D:7      | Slain by a ten-headed hydra

Levels and vault maps discovered:
D:1:      ncdulo_smallfort, layout_basic, serial_curves, eino_curves_03,
          eino_curves_04, minmay_distorted
D:2:      layout_rooms, minmay_tetromino_t4
D:3:      layout_rooms, chequers_ecumenical_altar_twisty, serial_undead,
          serial_undead_e, serial_undead_b, serial_undead_d, serial_undead_d
D:4:      layout_loops_ring, uniq_crazy_yiuf_cottage, uniq_eustachio,
          uniq_blork_the_orc
D:5:      layout_rooms, minitemple, first_ration
D:6:      layout_rooms, minmay_temple_entry_from_below_a, minmay_divided_ellipse
D:7:      layout_cave_pods, cheibriados_altar_1, uniq_menkaure

Skill      XL: |  1  2  3  4  5  6  7  8  9 |
---------------+----------------------------+-----
Invocations    | 1 2 3 4 |  4.2
Short Blades   | 1 2 3 |  3.9
Long Blades    | 1 2 3 |  3.9
Axes           | 1 2 3 |  3.9
Maces & Flails | 1 2 3 |  3.9
Polearms       | 1 2 3 |  3.9
Staves         | 1 2 3 |  3.9
Slings         | 1 2 3 |  3.9
Bows           | 1 2 3 |  3.9
Throwing       | 1 2 3 |  3.9
Dodging        | 1 2 3 |  3.9
Shields        | 1 2 3 |  3.9
Unarmed Combat | 1 2 3 |  3.9
Spellcasting   | 1 2 3 |  3.9
Conjurations   | 1 2 3 |  3.2
Hexes          | 1 2 3 |  3.2
Charms         | 1 2 3 |  3.2
Summonings     | 1 2 3 |  3.2
Necromancy     | 1 2 3 |  3.2
Translocations | 1 2 3 |  3.2
Transmutations | 1 2 3 |  3.2
Fire Magic     | 1 2 3 |  3.2
Ice Magic      | 1 2 3 |  3.2
Air Magic      | 1 2 3 |  3.2
Earth Magic    | 1 2 3 |  3.2
Poison Magic   | 1 2 3 |  3.2
Evocations     | 3 4 |  4.7
Stealth        | 3 4 |  4.6
Crossbows      | 5 6 |  6.1
Fighting       | 7 |  7.7
Armour         | 7 |  7.7

Action                   |  1- 3 |  4- 6 |  7- 9 || total
-------------------------+-------+-------+-------++-------
Melee: Dagger            |    90 |   238 |    44 ||   372
       Bite              |     5 |    24 |    15 ||    44
       Battleaxe         |       |       |    97 ||    97
 Fire: Hand crossbow     |    16 |     6 |       ||    22
Throw: Boomerang         |       |     6 |       ||     6
Invok: Ancestor Identity |       |     1 |       ||     1
       Ancestor Life: Ba |       |       |     1 ||     1
 Stab: Sleeping          |     1 |       |     2 ||     3
  Eat: Chunk             |     2 |     3 |     3 ||     8
       Ration            |       |     1 |     1 ||     2
Armor: Robe              |     3 |       |     4 ||     7
       Ring mail         |     9 |       |       ||     9
       Scale mail        |    13 |   141 |    35 ||   189
       Leather armour    |       |       |    23 ||    23
Dodge: Dodged            |    43 |   139 |   103 ||   285
Block: Buckler           |     7 |    51 |     2 ||    60

Table legend:
 A = Non-vault XP
 B = Vault XP
 C = Vault XP percentage of total XP
 D = Non-vault monster count
 E = Vault monster count
 F = Vault count percentage of total count
                 A         B        C        D         E       F
            +---------+---------+-------+---------+---------+-------
      Total |    1976 |     726 |  26.9 |     133 |      22 |  14.2
            +---------+---------+-------+---------+---------+-------
        D:1 |      41 |       5 |  10.9 |      21 |       3 |  12.5
        D:2 |      65 |       4 |   5.8 |      21 |       3 |  12.5
        D:3 |     198 |      38 |  16.1 |      32 |       2 |   5.9
        D:4 |     658 |     336 |  33.8 |      24 |       3 |  11.1
        D:5 |     261 |       0 |   0.0 |      17 |       0 |   0.0
        D:6 |     713 |     343 |  32.5 |      17 |      11 |  39.3
        D:7 |      40 |       0 |   0.0 |       1 |       0 |   0.0
            +---------+---------+-------+---------+---------+-------
